 Dungeon Crawl Stone Soup version 0.21-a0-125-gb006224 (webtiles) character file.

213 Gorglomux the Skirmisher (level 5, -4/48 HPs)
             Began as a Hill Orc Wanderer on July 14, 2017.
             Was an Initiate of Okawaru.
             Slain by a worker ant (5 damage)
             ... on level 4 of the Dungeon.
             The game lasted 00:10:34 (4018 turns).

Gorglomux the Skirmisher (Hill Orc Wanderer)        Turns: 4018, Time: 00:10:35

Health: -4/48      AC:  8    Str: 17    XL:     5   Next: 90%
Magic:  5/5        EV:  8    Int: 12    God:    Okawaru [......]
Gold:   230        SH:  0    Dex:  9    Spells: 4/4 levels left

rFire    . . .     SeeInvis .   S - +0 whip
rCold    . . .     Gourm    .   X - +0 shield
rNeg     . . .     Faith    .   h - +0 ring mail
rPois    .         Spirit   .   n - +0 helmet
rElec    .         Reflect  .   (no cloak)
rCorr    .         Harm     .   o - +0 pair of gloves
MR       +....                  (no boots)
Stlth    ..........             (no amulet)
HPRegen  0.16/turn              m - ring of protection from magic
MPRegen  0.09/turn              (no ring)

@: confused, lethally poisoned (-4 -> -32)
A: no striking features
a: Renounce Religion


You were on level 4 of the Dungeon.
You worshipped Okawaru.
Okawaru was noncommittal.
You were not hungry.

You visited 1 branch of the dungeon, and saw 4 of its levels.

You collected 230 gold pieces.

Inventory:

Hand Weapons
 S - a +0 whip (weapon)
Missiles
 g - a javelin (quivered)
Armour
 h - a +0 ring mail (worn)
 n - a +0 helmet (worn)
 o - a +0 pair of gloves (worn)
 X - a +0 shield (worn)
Jewellery
 m - a ring of protection from magic (left hand)
Wands
 H - a wand of flame (25/48)
Scrolls
 q - a scroll of enchant weapon
 I - a scroll of immolation {unknown}
 J - a scroll of random uselessness {unknown}
 L - 2 scrolls of remove curse
 N - a scroll of fear {unknown}
 R - a scroll of identify
 T - 3 scrolls of teleportation
 W - a scroll of amnesia {unknown}
Potions
 K - a potion of degeneration {unknown}
 M - a potion of magic {unknown}
 P - a potion of heal wounds {unknown}
 U - a potion of brilliance {unknown}
 Y - 2 potions of invisibility {unknown}
 Z - 2 potions of lignification {unknown}
Books
 a - a book of Battle

   Spells                             Type                      Level
   a - Infusion                       Charms                       1
   b - Shroud of Golubria             Charms/Translocation         2
   c - Song of Slaying                Charms                       2
   d - Spectral Weapon                Hexes/Charms                 3
   e - Regeneration                   Charms/Necromancy            3
Comestibles
 f - 4 bread rations
 z - 2 meat rations
 O - a royal jelly
 Q - 2 chunks of flesh
 V - 4 fruits


   Skills:
 + Level 5.0 Fighting
 - Level 1.0 Throwing
 - Level 4.3 Armour
 + Level 4.1 Shields
   Level 1.7 Charms
   Level 1.1 Fire Magic


You had 4 spell levels left.
You didn't know any spells.

Dungeon Overview and Level Annotations

Branches:
Dungeon (4/15)             Temple (0/1) D:4

Altars:
Fedhas
Kikubaaqudgha
Okawaru
Xom

Annotations:
D:2 1 runed door


Message History

You are lethally poisoned!
The worker ant poisons you!
The gnoll hits you from afar with a halberd!
* * * LOW HITPOINT WARNING * * *
You are confused.
You feel invigorated.
* * * LOW HITPOINT WARNING * * *
You feel sick. The worker ant bites you.
* * * LOW HITPOINT WARNING * * *
You are more poisoned.
The worker ant poisons you! The gnoll closely misses you.
* * * LOW HITPOINT WARNING * * *
You feel sick. The worker ant bites you.
* * * LOW HITPOINT WARNING * * *
You are more poisoned.
The worker ant poisons you!
* * * LOW HITPOINT WARNING * * *
You feel very sick. The worker ant bites you.
You die...

#....#.##.##.#.#.# #.>
#....#'##.##.....# #.)
#......(..#..#.#.# #..
#............#...# #..
#........##.##...####..
#####....##.##.........
#....##.##....##### #
###....##.#####'#### #.
#.#a@..##..........#
.###.########gg#+#.#####.......#
.....)..[......#.#.### ##......#
(..........(.....#...## #......#
.............#........# #......#
#............#........# #.^....#
#............#........# #......#
#............#........# ########
#.....................#


You could see a worker ant and 2 gnolls.

Vanquished Creatures
  2 worker ants (D:4)
  A gnoll (D:4)
  5 adders
  2 oozes
  A worm (D:4)
  3 dart slugs
  2 leopard geckos
  An orc (D:3)
  A ball python (D:1)
  14 bats
  5 giant cockroaches
  10 goblins (D:2)
  10 hobgoblins
  10 jackals
  3 frilled lizards
  10 kobolds
  8 rats
88 creatures vanquished.

Notes
Turn   | Place    | Note
-------+----------+-------------------------------------------
     0 | D:1      | Gorglomux the Hill Orc Wanderer began the quest for the Orb.
     0 | D:1      | Gorglomux set off with: a book of Battle, a +0 buckler, a +0 robe, a +0 club, a bread ration
     0 | D:1      | Reached XP level 1. HP: 16/16 MP: 1/1
   228 | D:1      | Reached skill level 2 in Fighting
   228 | D:1      | Reached XP level 2. HP: 20/24 MP: 2/2
   836 | D:1      | Reached XP level 3. HP: 26/30 MP: 3/3
  1296 | D:2      | Reached skill level 3 in Fighting
  1744 | D:2      | Reached XP level 4. HP: 29/38 MP: 4/4
  2118 | D:2      | Reached skill level 4 in Fighting
  2118 | D:2      | Reached skill level 3 in Shields
  2282 | D:2      | Found a runed door.
  2626 | D:3      | Found a blossoming altar of Fedhas.
  2706 | D:3      | Found a shimmering altar of Xom.
  2802 | D:3      | Found an iron altar of Okawaru.
  2817 | D:3      | Found an ancient bone altar of Kikubaaqudgha.
  2832 | D:3      | Reached XP level 5. HP: 42/46 MP: 5/5
  2856 | D:3      | Became a worshipper of Warmaster Okawaru
  3322 | D:4      | Found a staircase to the Ecumenical Temple.
  3872 | D:4      | Noticed an ogre
  3998 | D:4      | Reached skill level 5 in Fighting
  4016 | D:4      | HP: 2/48 [worker ant (4)]
  4018 | D:4      | Slain by a worker ant

Vault maps used:
D:1:      evilmike_arrival_crescent
D:2:      cheibrodos_greedy_goblins, uniq_crazy_yiuf_cottage
D:3:      nicolae_overflow_crystal_walls, okawaru_metal_pillars_1_2,
          old_standard_altar, first_bread, fedhas_altar_4
D:4:      minmay_temple_entry_purple_smoke

Skill      XL: |  1  2  3  4  5 |
---------------+----------------+-----
Fighting       | 2 3 4 5 |  5.0
Shields        | 2 3 4 |  4.1
Throwing       | |  1.0
Armour         | |  4.3
Charms         | |  1.7
Fire Magic     | |  1.1

Action                   |  1- 3 |  4- 6 || total
-------------------------+-------+-------++-------
Melee: Club              |    38 |       ||    38
       Short sword       |   197 |    69 ||   266
       Unarmed           |     6 |       ||     6
       Whip              |       |   303 ||   303
Throw: Javelin           |     4 |     4 ||     8
  Use: Scroll            |     3 |     2 ||     5
       Potion            |       |     4 ||     4
  Eat: Chunk             |     3 |     8 ||    11
Armor: Ring mail         |   156 |   195 ||   351
Dodge: Dodged            |   167 |   169 ||   336
Block: Buckler           |    38 |       ||    38
       Shield            |    40 |   203 ||   243
